 Dungeon Crawl Stone Soup version 0.31-a0-879-g1609e0ac53 (webtiles) character file.

Game seed: 2281096987375674345

34 Aneyh the Poker (level 3, -2/24 HPs)
             Began as a Tengu Monk on Oct 15, 2023.
             Slain by Jessica
             ... wielding a +0 dagger
              (4 damage)
             ... on level 2 of the Dungeon.
             The game lasted 00:01:10 (726 turns).

Aneyh the Poker (Tengu Monk)                         Turns: 726, Time: 00:01:10

Health: -2/24      AC:  2    Str: 13    XL:     3   Next: 31%
Magic:  4/4        EV: 13    Int: 10    God:
Gold:   21         SH:  0    Dex: 16    Spells: 2/2 levels left

rFire   . . .        a - +0 spear
rCold   . . .        (no shield)
rNeg    . . .        b - +0 robe
rPois   .            (helmet restricted)
rElec   .            (no cloak)
rCorr   .            (no gloves)
SInv    .            (boots unavailable)
Will    .....        (no amulet)
Stlth   +            (no ring)
HPRegen 0.24/turn    (no ring)
MPRegen 0.09/turn

%: acrobat
@: confused, ambrosia-drunk
A: beak, talons 3, acrobatic
a: no special abilities


You were on level 2 of the Dungeon.
You visited 1 branch of the dungeon, and saw 2 of its levels.

You collected 21 gold pieces.

Inventory:

Hand Weapons
 a - a +0 spear (weapon)
Armour
 b - a +0 robe (worn)
 d - an orb of light
Jewellery
 g - a +4 ring of protection
 k - an amulet of faith
Scrolls
 f - a scroll of immolation
 h - a scroll of teleportation {unknown}
 i - a scroll of acquirement {unknown}
 j - a scroll of identify {unknown}
Potions
 e - a potion of lignification {unknown}


   Skills:
 * Level 3.9 Fighting
 + Level 3.9 Polearms
 - Level 3.2 Dodging


You had 2 spell levels left.
You didn't know any spells.
Your spell library was empty.

Dungeon Overview and Level Annotations

Branches:
Dungeon (2/15)

Altars:

Annotations:
D:2 Jessica


Innate Abilities, Weirdness & Mutations

You have a beak for a mouth.
You have claws for feet.
You can magically evade attacks while moving or waiting.


Message History

a +0 club; 3 stones You now have 21 gold pieces (gained 5).
Found 5 stones.
No target in view!
There is a stone staircase leading down here.
You open the door.
There is an open door here.
A kobold comes into view. It is wielding a +0 short sword.
Found a bloodstained scale mail.
Found an escape hatch in the floor.
Jessica the Apprentice Sorceress comes into view.
She is wielding a +0 dagger.
Jessica shouts!
Jessica casts a spell at you. You resist with some effort.
There are monsters nearby!
An endoplasm comes into view.
The endoplasm quivers.
You closely miss the kobold. Your kick misses the kobold.
The kobold hits you but does no damage.
You hit the kobold.
You kill the kobold!
Found 10 gold pieces.
A hobgoblin comes into view.
Things that are here:
a +0 short sword; 2 stones You completely miss Jessica.
Jessica hits you with a +0 dagger!
You hit Jessica but do no damage. You peck Jessica.
Jessica is moderately wounded.
The endoplasm hits you. Jessica barely misses you.
You hit Jessica. You claw Jessica, but do no damage.
Jessica is severely wounded.
The endoplasm hits you but does no damage.
Jessica casts a spell at you. Pain shoots through your body!
Ouch! That really hurt!
* * * LOW HITPOINT WARNING * * *
You are confused.
You feel invigorated. The endoplasm hits you.
* * * LOW HITPOINT WARNING * * *
Jessica hits you with a +0 dagger.
You die...

#'####### #.# .........
#.# .......... #.#
..........##.#
..........##.##########
..........##.##...>.[.#
>..........#.##.......#
#............##.......#
#.........##..#.@@..g.#
#.#.......<#.....J......
#.#.......##.#..!.......
#.#.....†.##.#..........
#.#[...)..##.#######+#.$
..#.......##.. .
..........####
.......#.## .......+...


You could see Jessica, an endoplasm and a hobgoblin.

Vanquished Creatures
  A dart slug (D:1)
  2 ball pythons (D:1)
  An endoplasm (D:1)
  A giant cockroach (D:1)
  4 goblins (D:1)
  6 hobgoblins
  A quokka (D:1)
  A bat (D:1)
  2 frilled lizards (D:2)
  7 kobolds
  2 rats (D:1)
28 creatures vanquished.

Notes
Turn   | Place    | Note
-------+----------+-------------------------------------------
     0 | D:1      | Aneyh the Tengu Monk began the quest for the Orb.
     0 | D:1      | Reached XP level 1. HP: 14/14 MP: 2/2
   116 | D:1      | Reached XP level 2. HP: 11/19 MP: 3/3
   123 | D:1      | Found a faded altar of an unknown god.
   394 | D:1      | Reached XP level 3. HP: 21/24 MP: 4/4
   718 | D:2      | Noticed Jessica
   725 | D:2      | HP: 1/24 [Jessica/nerve-wracking pain (14)]
   726 | D:2      | Slain by Jessica

Illustrated notes

Levels and vault maps discovered:
D:1:      grunt_arrival_lava_bath, layout_basic,
          hellmonk_ecumenical_altar_blasted, hangedman_decor_slide_cut
D:2:      layout_basic, minivault_23, uniq_jessica

Action                     || total
---------------------------++-------
  Melee: Spear             ||    72
         Kick              ||    14
         Peck              ||    10
    Use: Potion            ||     1
   Stab: Sleeping          ||     1
 Armour: Robe              ||    25
  Dodge: Dodged            ||    28

Table legend: (Time is in decaauts)
 A = Elapsed time spent in this place.
 B = Non-inter-level travel time spent in this place.
 C = Inter-level travel time spent in this place.
 D = Time resting spent in this place.
 E = Time spent auto-exploring this place.
 F = Levels seen in this place.
 G = Mean time per level.
                   A        B        C        D        E       F      G
               +--------+--------+--------+--------+--------+-----+--------+
         Total |    719 |    694 |     25 |     59 |    489 |   2 |  359.5 |
       Dungeon |    719 |    694 |     25 |     59 |    489 |   2 |  359.5 |
               +--------+--------+--------+--------+--------+-----+--------+

Top non-repeatable levels by time:
     D:1: 643 daAuts
     D:2: 76 daAuts
